 Dungeon Crawl Stone Soup version 0.23-a0-319-gb40ba49 (webtiles) character file.

172 George the Shield-Bearer (level 5, 0/49 HPs)
             Began as a Deep Dwarf Fighter on Oct 14, 2018.
             Slain by a gnoll
             ... wielding a +0 vampiric halberd
              (3 damage)
             ... on level 2 of the Dungeon.
             The game lasted 00:07:27 (2332 turns).

George the Shield-Bearer (Deep Dwarf Fighter)       Turns: 2332, Time: 00:07:28

Health: 0/49       AC: 10    Str: 20    XL:     5   Next: 27%
Magic:  5/5        EV:  5    Int:  9    God:
Gold:   87         SH:  9    Dex: 12    Spells: 4/4 levels left

rFire    . . .     SeeInvis .   a - +0 war axe
rCold    . . .     Gourm    .   c - +0 shield
rNeg     . . .     Faith    .   p - +0 chain mail
rPois    .         Spirit   .   i - +0 helmet
rElec    .         Reflect  .   (no cloak)
rCorr    .         Harm     .   (no gloves)
MR       .....                  (no boots)
Stlth    ..........             (no amulet)
HPRegen  0.00/turn              (no ring)
MPRegen  0.09/turn              (no ring)

@: non-regenerating
A: damage resistance, heal wounds, sense surroundings 1, no regeneration
a: Heal Wounds


You were on level 2 of the Dungeon.
You were very hungry.

You visited 1 branch of the dungeon, and saw 4 of its levels.

You collected 87 gold pieces.

Inventory:

Hand Weapons
 a - a +0 war axe (weapon)
Armour
 c - a +0 shield (worn)
 i - a +0 helmet (worn)
 p - a +0 chain mail (worn)
Scrolls
 j - a scroll of teleportation {unknown}
 l - 2 scrolls of random uselessness {unknown}
Potions
 d - a potion of might
 h - 3 potions of curing
 m - a potion of haste
 n - a potion of ambrosia {unknown}
Comestibles
 f - 3 rations


   Skills:
 + Level 3.6 Fighting
 + Level 3.5 Axes
 + Level 4.3 Armour
 + Level 4.3 Shields


You had 4 spell levels left.
You didn't know any spells.
Your spell library was empty.

Dungeon Overview and Level Annotations

Branches:
Dungeon (4/15)             Temple (0/1) D:4

Altars:
Nemelex Xobeh
Xom


Innate Abilities, Weirdness & Mutations

You are resistant to damage.
You can heal yourself by infusing magical energy.
You passively map a small area around you.
You do not regenerate.


Message History

(D) Dungeon (T) Temple
Where to? (Enter - D:3 @ (x,y), ? - help)
What level of the Dungeon? (default 1, ? - help)
There is an open door here.
There is a stone staircase leading up here.
You climb upwards.
The gnoll is too close now for your liking.
There is a stone staircase leading down here.
You aren't carrying any items that you can evoke.
Things that are here:
a frilled lizard skeleton; an adder skeleton You are feeling very hungry.
You see here a ring mail.
An adder comes into view.
The adder hisses angrily.
You hear a shout! x2
A hobgoblin comes into view. It is wielding a club.
The hobgoblin shouts!
The adder bites you but does no damage.
The gnoll hits you with a vampiric halberd.
You die...

, ,
.............[#.####.#..###
##.###....#.#.#.....>......
, #g#..................#
#.#.#...#####.#.......
#.#........##.##.....# *
###>###...##.##.###...##
,#...# ##.###.##.####.##
*.#.######g# #.....# #.#
.....g.S@.# ####..# #.#
###.######## #..# #.# #.
#..# #.# #g** ## * #..# #.#
gg , .. #..# #.# * .. ,
,.###.###..# #.# , ,
*..........# #.# ,
,,..........###.#
####..........#


You could see a gnoll, an adder and a hobgoblin.

Vanquished Creatures
  A hound (D:3)
  4 gnolls (D:3)
  4 adders
  An ooze (D:1)
  2 leopard geckos (D:1)
  4 orcs (D:3)
  A giant cockroach (D:1)
  13 goblins
  5 hobgoblins
  8 kobolds
  A quokka (D:3)
  A ball python (D:1)
  9 bats
  6 frilled lizards
  8 rats
68 creatures vanquished.

Notes
Turn   | Place    | Note
-------+----------+-------------------------------------------
     0 | D:1      | George the Deep Dwarf Fighter began the quest for the Orb.
     0 | D:1      | Reached XP level 1. HP: 20/20 MP: 1/1
   148 | D:1      | Reached XP level 2. HP: 24/27 MP: 2/2
   579 | D:1      | Reached XP level 3. HP: 23/34 MP: 3/3
   890 | D:2      | Found a sparkling altar of Nemelex Xobeh.
  1212 | D:3      | Reached XP level 4. HP: 21/42 MP: 4/4
  1447 | D:3      | Found a shadowy altar of Dithmenos.
  1449 | D:3      | Found a shimmering altar of Xom.
  1449 | D:3      | Found a shimmering altar of Xom.
  1455 | D:3      | Found a sparkling altar of Nemelex Xobeh.
  1455 | D:3      | Found a glowing silver altar of Zin.
  1455 | D:3      | Found an ancient bone altar of Kikubaaqudgha.
  2064 | D:3      | Reached XP level 5. HP: 8/49 MP: 5/5
  2136 | D:4      | Noticed an ogre
  2208 | D:4      | Found a staircase to the Ecumenical Temple.
  2332 | D:2      | Slain by a gnoll

Vault maps used:
D:1:      enne_arrival_octagon_isle
D:2:      marbit_many_paths, first_ration
D:3:      doesnt_xom_only_xom
D:4:      lemuel_crystal_altar, minmay_temple_entry_grid, serial_shops,
          shop_statue, minmay_misc_feat_square, uniq_sigmund, uniq_blork_the_orc

Skill      XL: |  1  2  3  4 |
---------------+-------------+-----
Fighting       | 3 |  3.6
Axes           | 3 |  3.5
Armour         | 4 |  4.3
Shields        | 4 |  4.3

Action                   |  1- 3 |  4- 6 || total
-------------------------+-------+-------++-------
Melee: War axe           |   139 |    84 ||   223
  Use: Scroll            |       |     4 ||     4
  Eat: Chunk             |     1 |     3 ||     4
Armor: Scale mail        |    47 |    30 ||    77
       Chain mail        |       |    11 ||    11
Dodge: Dodged            |    37 |    24 ||    61
Block: Shield            |    67 |    50 ||   117

Table legend:
 A = Non-vault XP
 B = Vault XP
 C = Vault XP percentage of total XP
 D = Non-vault monster count
 E = Vault monster count
 F = Vault count percentage of total count
                 A         B        C        D         E       F
            +---------+---------+-------+---------+---------+-------
      Total |     246 |       1 |   0.4 |      67 |       1 |   1.5
            +---------+---------+-------+---------+---------+-------
        D:1 |      46 |       0 |   0.0 |      26 |       0 |   0.0
        D:2 |      47 |       1 |   2.1 |      16 |       1 |   5.9
        D:3 |     153 |       0 |   0.0 |      25 |       0 |   0.0
            +---------+---------+-------+---------+---------+-------
